AoeStats
← jphilkill

Black Forest

509399375Analyzed
4v4 RM · 5d ago on Sep 26, 2026· 66m 43s· 8 players
Game mode
Random Map
Map size
Large (8 player)
Population
200
Speed
Normal
Resources
Standard
Victory
Conquest
Starting age
Dark Age
Ending age
Imperial Age
RankedLock teamsTeams togetherTeam positionsShared explorationLock speedFull tech treeHidden civsTurbo modeCheats
Victory
Defeat
🇺🇸 Danes · United States
905
+14
🇺🇸 Bohemians · United States
883
+15
🇩🇪 Celts · Germany
873
+16
🇹🇷 Turks · Türkiye
863
+16
🇦🇷 Koreans · Argentina
927
-17
🇨🇳 Khmer · China
880
-16
🇦🇷 Magyars · Argentina
872
-16
🇦🇷 Romans · Argentina
793
-12
eric_the_red121
1:19 Loom
13:24 Feudal Age
14:30 Horse Collar
14:36 Double-Bit Axe
15:51 Wheelbarrow
19:54 Castle Age
21:45 Hand Cart
23:58 Gambesons
23:34 Man-at-Arms
24:16 Squires
24:02 Arson
24:29 Forging
24:20 Scale Mail Armor
24:50 Stone Mining
24:52 Gold Mining
25:04 Heavy Plow
25:18 Bow Saw
25:19 Long Swordsman
30:19 Masonry
29:56 Pikeman
36:19 Imperial Age
36:10 Iron Casting
35:50 Chain Mail Armor
35:42 Scale Barding Armor
35:28 Fletching
35:39 Padded Archer Armor
36:21 Two-Handed Swordsman
36:27 Elite Varangian Guard
37:35 Heavy Scorpion
40:39 Blast Furnace
40:16 Halberdier
42:09 Plate Mail Armor
44:09 Conscription
44:31 Champion
44:40 Champion
45:52 Onager
47:07 Bodkin Arrow
48:02 Bracer
47:38 Elite Jomsviking
52:54 Chain Barding Armor
52:49 Leather Archer Armor
54:46 Chemistry
54:07 Ballistics
53:53 Siege Engineers
56:38 Northmen's Fury
56:39 Hamask
56:41 Northmen's Fury
57:09 Siege Onager
57:11 Capped Ram
65:23 Spies/Treason
112143
5:45 Loom
16:19 Feudal Age
20:58 Castle Age
19:13 Double-Bit Axe
19:11 Horse Collar
20:35 Wheelbarrow
23:12 Bow Saw
23:20 Hand Cart
23:33 Town Watch
30:53 Scale Mail Armor
31:04 Forging
30:46 Fletching
30:58 Padded Archer Armor
34:00 Wagenburg Tactics
34:13 Chain Mail Armor
34:34 Iron Casting
33:56 Bodkin Arrow
35:07 Caravan
38:31 Imperial Age
36:05 Town Patrol
38:43 Pikeman
39:23 Squires
39:09 Arson
39:53 Conscription
40:09 Halberdier
41:21 Plate Mail Armor
41:52 Blast Furnace
40:53 Bracer
41:09 Leather Archer Armor
42:30 Chemistry
41:36 Siege Engineers
41:52 Ballistics
41:42 Fortified Wall
41:43 Masonry
42:51 Two-Man Saw
43:21 Houfnice
65:29 Spies/Treason
CANULAN
13:22 Feudal Age
18:38 Castle Age
18:54 Double-Bit Axe
19:02 Gold Mining
27:58 Imperial Age
26:12 Bow Saw
27:12 Gold Shaft Mining
30:19 Caravan
31:20 Horse Collar
34:44 Two-Man Saw
40:25 Stone Mining
43:29 Artillery
43:49 Conscription
42:52 Elite Janissary
48:47 Heavy Plow
50:35 Bombard Tower
67:55 Theocracy
jphilkill
0:46 Loom
14:06 Feudal Age
19:42 Castle Age
18:46 Double-Bit Axe
18:45 Horse Collar
19:14 Gold Mining
19:22 Stone Mining
20:29 Heavy Plow
25:11 Wheelbarrow
25:14 Fletching
27:45 Hand Cart
27:54 Bodkin Arrow
28:06 Pikeman
28:58 Bow Saw
31:00 Gold Shaft Mining
31:37 Fortified Wall
38:34 Imperial Age
36:24 Scale Mail Armor
36:34 Forging
37:45 Forging
37:40 Scale Barding Armor
39:46 Conscription
39:23 Cavalier
39:26 Elite Skirmisher
41:10 Chain Barding Armor
41:24 Chain Mail Armor
41:10 Padded Archer Armor
41:52 Husbandry
43:00 Chemistry
42:21 Ballistics
43:08 Paladin
45:33 Plate Mail Armor
45:19 Leather Archer Armor
45:39 Iron Casting
45:47 Heavy Scorpion
47:00 Halberdier
54:03 Blast Furnace
53:34 Ring Archer Armor
61:47 Siege Engineers
62:12 Capped Ram
62:56 Siege Ram
66:51 Murder Holes
fedetiberio
1:11 Loom
14:30 Feudal Age
15:19 Double-Bit Axe
15:38 Town Watch
19:06 Wheelbarrow
18:25 Stone Mining
18:27 Gold Mining
18:44 Horse Collar
23:00 Castle Age
24:18 Town Patrol
24:22 Heavy Plow
24:37 Bow Saw
26:01 Gold Shaft Mining
26:23 Hand Cart
26:52 Fervor
26:37 Fletching
30:16 Bodkin Arrow
30:21 Padded Archer Armor
30:32 Forging
30:23 Scale Mail Armor
31:05 Ballistics
36:23 Imperial Age
34:12 Ballistas
34:22 Elite Skirmisher
35:05 Husbandry
35:15 Bloodlines
34:29 Light Cavalry
35:12 Squires
34:33 Pikeman
37:23 Murder Holes
37:39 Masonry
37:40 Fortified Wall
37:49 Leather Archer Armor
37:49 Chain Mail Armor
37:45 Forging
37:41 Scale Barding Armor
37:16 Heavy Scorpion
39:04 Chemistry
38:59 Crop Rotation
39:48 Siege Engineers
40:15 Architecture
40:11 Conscription
40:44 Comitatenses
41:38 Guilds
41:44 Caravan
42:29 Ring Archer Armor
42:20 Chain Barding Armor
42:36 Iron Casting
42:31 Elite Centurion
42:39 Halberdier
50:06 Plate Barding Armor
50:32 Blast Furnace
51:55 Man-at-Arms
53:17 Long Swordsman
54:16 Legionary
Nasa
2:04 Loom
13:51 Feudal Age
14:54 Double-Bit Axe
15:15 Horse Collar
21:10 Castle Age
19:12 Fletching
20:34 Wheelbarrow
20:13 Scale Barding Armor
20:04 Stone Mining
22:41 Bodkin Arrow
23:42 Padded Archer Armor
24:33 Bow Saw
24:46 Leather Archer Armor
25:36 Heavy Plow
27:55 Gold Mining
28:22 Treadmill Crane
29:36 Gold Shaft Mining
30:17 Ballistics
32:43 Hand Cart
36:47 Imperial Age
37:59 Parthian Tactics
36:54 Heavy Cavalry Archer
43:35 Two-Man Saw
43:07 Crop Rotation
43:59 Elite Skirmisher
Camalote
0:33 Loom
12:02 Feudal Age
16:37 Castle Age
15:48 Double-Bit Axe
22:45 Horse Collar
25:40 Fletching
27:21 Wheelbarrow
32:32 Imperial Age
30:04 Gold Mining
33:28 Heavy Plow
33:15 Pikeman
35:28 Bodkin Arrow
35:15 Halberdier
36:12 Scale Mail Armor
36:50 Bracer
37:51 Gold Shaft Mining
38:27 Hand Cart
38:33 Forging
40:37 Chemistry
40:03 Chain Mail Armor
41:29 Plate Mail Armor
43:02 Elite Fire Lancer
45:48 Iron Casting
45:12 Elite War Wagon
49:29 Squires
50:10 Caravan
51:00 Heavy Rocket Cart
52:24 Murder Holes
alvu7373
10:59 Feudal Age
18:35 Castle Age
20:06 Double-Bit Axe
20:02 Horse Collar
23:57 Stone Mining
23:58 Gold Mining
28:25 Gold Shaft Mining
29:52 Heavy Plow
30:05 Bow Saw
33:33 Imperial Age
31:59 Bloodlines
31:49 Husbandry
34:14 Tusk Swords
33:39 Elite Ballista Elephant
36:03 Chemistry
35:24 Ballistics
35:18 Forging
35:14 Scale Barding Armor
35:33 Conscription
34:54 Elite Battle Elephant
36:14 Double Crossbow
37:09 Wheelbarrow
38:51 Iron Casting
42:50 Blast Furnace
63:49 Hoardings
63:44 Masonry
64:41 Fortified Wall
65:10 Architecture
Connection lost

Rejoining the realm…

Still unreachable

The connection could not be restored.

Session expired

The server has moved on; the page needs a fresh start.